 Dungeon Crawl Stone Soup version 0.30.1-11-g7821555f0a (webtiles) character file.

Game seed: 6229111859447488302

452 FatalFlaw the Cutter (level 6, 0/55 HPs)
             Began as a Draconian Chaos Knight on Dec 26, 2023.
             Was a Plaything of Xom.
             Succumbed to an orc wizard's poison
             ... on level 5 of the Dungeon.
             The game lasted 00:35:01 (4698 turns).

FatalFlaw the Cutter (Draconian Chaos Knight)       Turns: 4698, Time: 00:35:01

Health: 0/55       AC:  9    Str: 16 (17) XL:     6   Next: 75%
Magic:  6/6        EV: 12    Int:  9 (12) God:    Xom [...*..]
Gold:   213        SH:  0    Dex:  9 (10) Spells: 3/5 levels left

rFire   + . .        a - +0 short sword (chaos)
rCold   + . .        (no shield)
rNeg    + . .        (body armour unavailable)
rPois   +            p - +2 hat
rElec   +            (no cloak)
rCorr   +            (no gloves)
SInv    .            e - +0 pair of boots
Will    .....        (no amulet)
Stlth   +            N - ring of positive energy
HPRegen 1.09/turn    C - ring of wizardry
MPRegen 0.10/turn

%: wizardry (x1)
@: confused, lethally poisoned (0 -> -6), resistant, unable to read
A: AC +6, unfitting armour, cold-blooded, beak, hooves 2, regeneration 1,
inability to read after injury 1
a: Renounce Religion


You were on level 5 of the Dungeon.
You worshipped Xom.
You were a favourite toy of Xom.
You visited 2 branches of the dungeon, and saw 6 of its levels.

You collected 213 gold pieces.

Inventory:

Hand Weapons
 a - a +0 short sword of chaos (weapon)
 h - a +0 short sword
 j - a +0 mace
 l - a +0 sling
 q - a +0 mace
 v - a +3 giant club of chaos
 x - a +0 dagger of speed
 z - a +0 trident
 B - a +0 short sword
 D - a +0 dagger
 O - a +0 sling
 Q - a +0 spear
 T - a +0 sling
 W - a +0 hand axe
 Y - a +0 dagger of speed
Missiles
 s - 54 stones (quivered)
Armour
 d - a +0 ring mail
 e - a +0 pair of boots (worn)
 p - a +2 hat (worn)
 w - a +0 leather armour
 y - a +0 plate armour
 I - a +0 ring mail
 K - a +0 ring mail
 X - a +0 chain mail
Magical Staves
 Z - a staff of conjuration
Jewellery
 C - a ring of wizardry (right hand)
 N - a ring of positive energy (left hand)
Scrolls
 c - a scroll of amnesia {unknown}
 i - 2 scrolls of enchant weapon {unknown}
 k - a scroll of summoning {unknown}
 m - a scroll of fog {unknown}
 n - 3 scrolls of immolation {unknown}
 o - 9 scrolls of identify {unknown}
 t - a scroll of blinking {unknown}
 A - a scroll of magic mapping {unknown}
 E - 3 scrolls of teleportation {unknown}
 L - 3 scrolls of fear {unknown}
 R - a scroll of vulnerability {unknown}
Potions
 f - 2 potions of mutation
 H - a potion of curing
 J - 2 potions of haste
Miscellaneous
 b - a piece from Xom's chessboard (15/15)


   Skills:
 + Level 4.8 Fighting
 + Level 5.2 Short Blades
 + Level 0.2 Throwing
 + Level 4.2 Dodging
 + Level 1.5 Stealth
 + Level 0.1 Evocations


You had 3 spell levels left.
You knew the following spells:

 Your Spells              Type           Power      Damage    Failure   Level
a - Poisonous Vapours     Pois/Air       0%         N/A       24%         2

Your spell library contained the following spells:

 Spells                   Type           Power      Damage    Failure   Level
 Mephitic Cloud           Conj/Pois/Air  0%         N/A       43%         3
 Blade Hands              Tmut           0%         N/A       98%         5
 Freezing Cloud           Conj/Ice/Air   0%         6-21      98%         5
 Iron Shot                Conj/Erth      0%         9d1       100%        6
 Animate Armour           Summ/Erth      Unusable   N/A       N/A         4

Dungeon Overview and Level Annotations

Branches:
Dungeon (5/15)             Temple (1/1) D:4

Altars:
Ashenzari
Cheibriados
Dithmenos
Elyvilon
Fedhas
Gozag
Makhleb
Okawaru
Qazlal
Ru
Sif Muna
Trog
Uskayaw
Vehumet
Xom
Zin
The Shining One

Shops:
D:3 [

Annotations:
D:4 Menkaure, Pikel


Innate Abilities, Weirdness & Mutations

Your plain brown scales are hard. (AC +6)
You cannot fit into any form of body armour.
You are cold-blooded and may be slowed by cold attacks.
You have a beak for a mouth.
You have hoof-like feet.
Your natural rate of healing is unusually fast.
You occasionally lose the ability to read scrolls when taking damage.


Message History

You feel very sick.
It was a potion of magic.
Magic courses through your body.
* * * LOW HITPOINT WARNING * * *
You feel very sick. Something hits you but does no damage.
You hear some strange, mumbled words.
A magic dart appears from out of thin air!
The magic dart hits you!
You feel threatened and lose the ability to read scrolls!
* * * LOW HITPOINT WARNING * * *
It was a potion of ambrosia.
You are confused.
You feel invigorated.
Xom roars with laughter!
* * * LOW HITPOINT WARNING * * *
You feel very sick. Something hits you but does no damage.
You are more poisoned.
Something barely misses you.
It was a potion of resistance.
You feel protected.
* * * LOW HITPOINT WARNING * * *
You feel very sick. Something hits you but does no damage.
You hear some strange, mumbled words.
Something tries to affect you, but you resist.
You completely miss something. Your peck misses something.
* * * LOW HITPOINT WARNING * * *
You feel very sick. Something hits you but does no damage.
You hear some strange, mumbled words.
You are more confused.
You completely miss something.
You feel less invigorated.
* * * LOW HITPOINT WARNING * * *
You feel very sick.
You hear some strange, mumbled words.
A puff of flame appears from out of thin air!
The puff of flame misses you. Something hits you but does no damage.
You die...
Xom is highly amused!

###.. ..... .....##
.......## ........#
........##
>........#
.......@)########
.?#...##).......#
#......{{......#
#.......≈......#
..#......≈≈≈.....#
#.....###≈≈#≈....# #
#.....#§≈≈§#....##
#. ...≈≈#§_⌠≈#....#
..####≈§≈#≈.§§#§...#


There were no monsters in sight!

Vanquished Creatures
  Eustachio (D:5)
  An ogre (D:5)
  A lemure (D:4)
  An orc priest (D:4)
  An iguana (D:5)
  5 adders
  An ufetubus (D:4)
  2 worms (D:2)
  4 dart slugs (D:1)
  11 orcs
  7 endoplasms
  3 giant cockroaches
  9 goblins
  9 hobgoblins
  7 jackals
  4 kobolds
  4 quokkas
  8 ball pythons
  6 bats
  A frilled lizard (D:1)
  8 rats
94 creatures vanquished.

Vanquished Creatures (others)
  A cerulean imp (D:4)
1 creature vanquished.

Grand Total: 95 creatures vanquished

Notes
Turn   | Place    | Note
-------+----------+-------------------------------------------
     0 | D:1      | FatalFlaw the Draconian Chaos Knight began the quest for
                  | the Orb.
     0 | D:1      | Reached XP level 1. HP: 19/19 MP: 1/1
   316 | D:1      | Reached XP level 2. HP: 26/26 MP: 2/2
   819 | D:1      | XOM: silly message
   862 | D:1      | Reached XP level 3. HP: 33/33 MP: 3/3
   867 | D:1      | XOM: divination: magic mapping
   900 | D:1      | XOM: silly message
  1921 | D:2      | Reached XP level 4. HP: 27/40 MP: 4/4
  1967 | D:2      | XOM: divination: detect items
  2082 | D:2      | XOM: give mutations
  2082 | D:2      | Gained mutation: Your muscles are strong. (Str +4, Int/Dex
                  | -1) [Xom's grace]
  2082 | D:2      | Gained mutation: You have large cloven feet. [Xom's grace]
  2082 | D:2      | Gained mutation: You have a beak for a mouth. [Xom's grace]
  2117 | D:2      | Learned a level 2 spell: Poisonous Vapours
  2294 | D:2      | XOM: give mutations
  2294 | D:2      | Gained mutation: You occasionally lose the ability to read
                  | scrolls when taking damage. [Xom's mischief]
  2294 | D:2      | Lost mutation: Your muscles are strong. (Str +4, Int/Dex
                  | -1) [Xom's mischief]
  2294 | D:2      | Gained mutation: You occasionally shout uncontrollably at
                  | your foes. [Xom's mischief]
  2496 | D:2      | XOM: give mutations
  2496 | D:2      | Gained mutation: Your natural rate of healing is unusually
                  | fast. [Xom's grace]
  2496 | D:2      | Gained mutation: You are robust. (+10% HP) [Xom's grace]
  2496 | D:2      | Gained mutation: You have hoof-like feet. [Xom's grace]
  2496 | D:2      | Gained mutation: Your tail ends in a venomous barb. [Xom's
                  | grace]
  2781 | D:3      | Found Isuap's Antique Armour Shop.
  2871 | D:3      | XOM: scenery: 2 doors open, 1 doors close
  3033 | D:3      | Reached skill level 4 in Short Blades
  3275 | D:3      | XOM: god gift: staff of conjuration
  3318 | D:3      | XOM: scenery: summon butterflies
  3483 | D:4      | XOM: repel stairs
  3524 | D:4      | Noticed Eustachio
  3571 | D:4      | Reached XP level 5. HP: 51/51 MP: 5/5
  3626 | D:4      | Found a staircase to the Ecumenical Temple.
  3711 | D:4      | XOM: scenery: summon butterflies
  3716 | Temple   | Entered the Ecumenical Temple
  3898 | D:4      | XOM: god gift: boomerang of dispersal
  4053 | D:4      | Noticed a lemure
  4053 | D:4      | Noticed a lemure
  4054 | D:4      | a lemure changed into a cerulean imp
  4054 | D:4      | XOM: polymorph lemure -> cerulean imp
  4062 | D:4      | XOM: divine lightning
  4082 | D:4      | XOM: divine lightning
  4084 | D:4      | XOM: cleaving
  4098 | D:4      | Killed a lemure
  4111 | D:4      | Noticed Menkaure
  4206 | D:4      | Found a sacrificial altar of Ru.
  4287 | D:4      | XOM: god gift: 63 gold pieces
  4294 | D:4      | XOM: give mutations
  4294 | D:4      | Gained mutation: You are dopey. (Int -2) [Xom's mischief]
  4294 | D:4      | Lost mutation: Your tail ends in a venomous barb. [Xom's
                  | mischief]
  4294 | D:4      | Gained mutation: Potions are less effective at restoring
                  | your health. [Xom's mischief]
  4361 | D:4      | Noticed a lemure
  4366 | D:4      | Noticed a lemure
  4367 | D:4      | Noticed Pikel
  4371 | D:4      | XOM: 3-stop teleportation journey
  4412 | D:4      | XOM: stat loss: -1 Int (9/10)
  4414 | D:4      | XOM: enchant monster (good)
  4415 | D:5      | Entered Level 5 of the Dungeon
  4415 | D:5      | Noticed an ogre
  4415 | D:5      | XOM: chaos upgrade
  4437 | D:4      | Paralysed by an ogre for 4 turns
  4445 | D:5      | Killed an ogre
  4446 | D:5      | Reached skill level 1 in Stealth
  4446 | D:5      | Reached XP level 6. HP: 28/58 MP: 6/6
  4468 | D:5      | Killed Eustachio
  4469 | D:5      | Reached skill level 5 in Short Blades
  4566 | D:5      | XOM: give mutations
  4566 | D:5      | Lost mutation: You occasionally shout uncontrollably at
                  | your foes. [Xom's mischief]
  4566 | D:5      | Lost mutation: Potions are less effective at restoring your
                  | health. [Xom's mischief]
  4566 | D:5      | Gained mutation: You occasionally shout uncontrollably at
                  | your foes. [Xom's mischief]
  4620 | D:5      | Found a stormy altar of Qazlal.
  4650 | D:5      | XOM: enchant monster (good)
  4662 | D:5      | Lost mutation: You occasionally shout uncontrollably at
                  | your foes. [potion of mutation]
  4662 | D:5      | Lost mutation: You are robust. (+10% HP) [potion of
                  | mutation]
  4662 | D:5      | Lost mutation: You are dopey. (Int -2) [potion of mutation]
  4693 | D:5      | HP: 2/55 [something/magic dart (11)]
  4698 | D:5      | Succumbed to an orc wizard's poison

Illustrated notes

Levels and vault maps discovered:
D:1:      eino_arrival_tree_alley, layout_loops_ring, serial_forest,
          infiniplex_forest_zigzag_2, infiniplex_forest_clump_double,
          infiniplex_forest_lined_1, infiniplex_forest_lined_4_way,
          infiniplex_forest_clump_diagonal, infiniplex_forest_side_room,
          infiniplex_forest_straight_2, infiniplex_forest_clump_tiny,
          infiniplex_forest_lined_2, infiniplex_forest_straight_2,
          minmay_crystal_water
D:2:      layout_loops_ring
D:3:      layout_loops_corners, serial_shops, nicolae_shop_trees,
          grunt_ministairs_15
D:4:      nicolae_BIG_FREAKIN_CUBE, layout_rooms, hangedman_ru_absence,
          uniq_menkaure, uniq_pikel, uniq_eustachio
D:5:      minmay_diamond_boxcup, layout_cave_pools,
          nicolae_qazlal_general_emergency, minmay_crystal_room,
          nicolae_figureground_sparkle, uniq_edmund
Temple:   hellmonk_temple_of_storms

Skill      XL: |  1  2  3  4  5  6 |
---------------+-------------------+-----
Fighting       | 4 |  4.8
Dodging        | 3 4 |  4.2
Short Blades   | 4 5 |  5.2
Stealth        | 1 |  1.5
Throwing       | |  0.2
Evocations     | |  0.1

Action                     |  1- 3 |  4- 6 || total
---------------------------+-------+-------++-------
  Melee: Short sword       |   273 |   222 ||   495
         Tailslap          |    58 |    20 ||    78
         Punch             |     7 |     2 ||     9
         Peck              |       |    31 ||    31
  Throw: Stone             |       |     2 ||     2
         Boomerang         |       |     1 ||     1
  Evoke: Piece from Xom's  |       |     1 ||     1
    Use: Potion            |       |    11 ||    11
 Armour: Skin              |    47 |    90 ||   137
  Dodge: Dodged            |   100 |   121 ||   221
